[Event "Late-Titled-Tuesday-Blitz-October-10-2023"]
[Site "Chess.com"]
[Date "2023.10.10"]
[Round "7"]
[White "Fandorine"]
[Black "josiwales"]
[Result "0-1"]
[WhiteElo "2930"]
[BlackElo "2780"]
[TimeControl "180+1"]
[EndTime "15:11:57 PDT"]
[Termination "josiwales won by resignation"]

1. g3 g6 2. Bg2 Bg7 3. e4 c5 4. Ne2 e6 5. d4 cxd4 6. Nxd4 Ne7 7. O-O O-O 8. Nc3 a6 9. a4 Nbc6 10. Be3 d5 11. exd5 exd5 12. Nxc6 bxc6 13. Bd4 Bxd4 14. Qxd4 Nf5 15. Qd2 Be6 16. a5 Rb8 17. Na4 Rb5 18.
b4 Qe7 19. c3 d4 20. Nc5 Rd8 21. Rfe1 Rxc5 22. bxc5 d3 23. Bxc6 Qxc5 24. Be4 Bc4 25. Bxf5 Qxf5 26. Re3 h5 27. h4 Qh3 28. Rf3 Re8 29.
Rd1 Re2 30. Qf4 d2 31. Re3 Bd5 0-1

[Event "Late-Titled-Tuesday-Blitz-October-10-2023"]
[Site "Chess.com"]
[Date "2023.10.10"]
[Round "7"]
[White "talaicito"]
[Black "Cambek64"]
[Result "0-1"]
[WhiteElo "2231"]
[BlackElo "2408"]
[TimeControl "180+1"]
[EndTime "15:11:57 PDT"]
[Termination "Cambek64 won on time"]

1. d4 d6 2. Nc3 e5 3. Nf3 Nc6 4.
dxe5 Nxe5 5. e4 Be7 6. Be2 Nf6 7. O-O c6 8. a4 Qc7 9. Nd4 O-O 10. f4 Ng6 11. g3 Re8 12. Bf3 Bf8 13. Re1 a5 14.
Be3 Bd7 15. Bf2 Rad8 16. Qd2 Bh3 17. Rad1 Ng4 18. Kh1 h5 19. Bg1 h4 20. Qe2 hxg3 21. hxg3 Qc8 22. Nf5 Nf6 23. g4 Nxf4 24. Qh2 g5 25.
Qg3 d5 26. exd5 Rxe1 27. Rxe1 cxd5 28. Be3 d4 29. Bxf4 dxc3 30. Bxg5 Nh7 31. Bxd8 cxb2 32.
Be4 Qxd8 33. Qxh3 Ng5 34. Qh4 Qd2 35. Bd3 Nf3 0-1

[Event "Late-Titled-Tuesday-Blitz-October-10-2023"]
[Site "Chess.com"]
[Date "2023.10.10"]
[Round "7"]
[White "TanitoluwaAps116"]
[Black "Zeck_CH"]
[Result "0-1"]
[WhiteElo "2670"]
[BlackElo "2489"]
[TimeControl "180+1"]
[EndTime "15:12:05 PDT"]
[Termination "Zeck_CH won on time"]

1. e4 c6 2. d4 g6 3. Nc3 d5 4. e5 h5 5. h3 Nh6 6. Bd3 Bf5 7. Bxh6 Bxh6 8. Bxf5 gxf5 9. e6 fxe6 10. Qxh5+ Kd7 11. Qe2 Bg7 12. Nf3 Qc7 13. O-O-O Qd6 14.
Rhe1 Rh6 15. Kb1 Na6 16. Ng5 Rf6 17. Rd3 Nc7 18. Na4 b6 19. c4 dxc4 20. Rc3 Rg6 21. Nf7 Qd5 22. Re3 Rf8 23. Nc3 Qa5 24. Ne5+ Bxe5 25.
Rxe5 Qa6 26. d5 cxd5 27. Nxd5 exd5 28. Rxe7+ Kc8 29. Rxc7+ Kxc7 30. Qe7+ Kc6 31. Qxf8 Rd6 32. Qe8+ Rd7 33. Qa8+ Qb7 34. Qe8 Qc7 35. Re6+ Kb7 36. Qf8 Rd8 37. Qxf5 Rd7 38. Qe5 Qc5 39. Qe3 d4 40. Qe4+ Qd5 41. Qxd5+ Rxd5 42. Kc2 Rf5 43. f3 Rg5 44. g4 d3+ 45. Kd2 Rb5 46. Kc3 Ra5 47. a3 Rc5 48. Rd6 Kc7 49. Rd4 b5 50.
f4 a5 51. f5 Re5 52. f6 Re2 53. Rf4 Rc2+ 54. Kd4 d2 55. Rf1 Rc1 0-1

[Event "Late-Titled-Tuesday-Blitz-October-10-2023"]
[Site "Chess.com"]
[Date "2023.10.10"]
[Round "7"]
[White "Zampronha1971"]
[Black "andrzej"]
[Result "1-0"]
[WhiteElo "2314"]
[BlackElo "2462"]
[TimeControl "180+1"]
[EndTime "15:12:05 PDT"]
[Termination "Zampronha1971 won by resignation"]

1. e4 e5 2. Nf3 Nf6 3. d4 Nxe4 4. Bd3 d5 5. Nxe5 Bd6 6. O-O O-O 7. c4 Bxe5 8. dxe5 Nc5 9. cxd5 Nc6 10. Bf4 Nb4 11.
Bc4 Bf5 12. Nc3 Nbd3 13. Qd2 Qh4 14. Bxd3 Nxd3 15. Bg3 Qd4 16. Rad1 Rad8 17. d6 cxd6 18. exd6 Rfe8 19. Nb5 Qb6 20. Nc7 Rf8 21. b3 h6 22. Qc3 Nc5 23. Nd5 Qb5 24. Ne7+ Kh7 25. Nxf5 f6 26. Qc2 g6 27. Ne7 f5 28. Rd5 b6 29. Rfd1 Qb4 30. f3 Rd7 31. Bf2 Ne6 32. Qc4 Qa3 33. R5d2 Ng5 34. Nd5 Rxd6 35. Nf4 Rxd2 36.
Rxd2 Rf7 37. h4 Nxf3+ 38. gxf3 Rg7 39. Qc2 Qd6 40. Rxd6 1-0

[Event "Late-Titled-Tuesday-Blitz-October-10-2023"]
[Site "Chess.com"]
[Date "2023.10.10"]
[Round "7"]
[White "BeyondMadness"]
[Black "Langua_Chess"]
[Result "0-1"]
[WhiteElo "2315"]
[BlackElo "2471"]
[TimeControl "180+1"]
[EndTime "15:12:07 PDT"]
[Termination "Langua_Chess won by resignation"]

1. d4 d5 2. c4 e6 3. Nc3 h6 4. Bf4 Bd6 5. Bxd6 Qxd6 6. e4 dxe4 7. Nxe4 Qb4+ 8. Qd2 Qxd2+ 9. Kxd2 b6 10. Nf3 Bb7 11. Bd3 Nd7 12. Rhe1 Ngf6 13. Kc3 O-O-O 14. Rad1 Kb8 15. b4 Nh5 16. Bc2 Nf4 17. g3 Nh3 18. Rf1 g5 19. Ng1 Nxg1 20. Rxg1 f5 21. Nd2 Nf6 22.
Nb3 Ng4 23. Rge1 Rhe8 24. Rd2 Nxh2 25. f4 Nf3 26. Ree2 Nxd2 27. Rxd2 gxf4 28. gxf4 Rg8 29.
Rh2 Rg3+ 30. Kb2 Rh8 31. d5 exd5 32. Nd4 dxc4 33. Nxf5 Rg2 34. Rh4 Rxc2+ 35. Kxc2 Be4+ 36. Kc3 Bxf5 0-1

[Event "Late-Titled-Tuesday-Blitz-October-10-2023"]
[Site "Chess.com"]
[Date "2023.10.10"]
[Round "7"]
[White "GothamChess"]
[Black "Ykow"]
[Result "1-0"]
[WhiteElo "2751"]
[BlackElo "2520"]
[TimeControl "180+1"]
[EndTime "15:12:09 PDT"]
[Termination "GothamChess won by resignation"]

1. e4 e5 2. Nc3 Nf6 3. f4 d5 4. fxe5 Nxe4 5. Qf3 Nxc3 6. bxc3 Be6 7. Rb1 Qc8 8. d4 Nd7 9. Nh3 Be7 10. Nf4 Nb6 11.
Bb5+ c6 12. Bd3 O-O 13. Nxe6 fxe6 14. Qh3 g6 15. Bh6 Rf7 16. Rf1 Rxf1+ 17. Kxf1 Bf8 18. Bg5 Bg7 19. Kg1 Qd7 20. Rf1 Rf8 21. Rxf8+ Bxf8 22. Be2 h5 23. g4 Be7 24. Be3 h4 25. g5 Nc4 26. Bg4 Qd8 27. Bxe6+ Kg7 28. Qxh4 Qh8 29. Qxh8+ Kxh8 30. Bc1 Ba3 31. Bxa3 Nxa3 32. Bc8 b6 33.
Bb7 Kg7 34. Bxc6 Nxc2 35. Bxd5 Ne1 36. Be4 Nd3 1-0

[Event "Late-Titled-Tuesday-Blitz-October-10-2023"]
[Site "Chess.com"]
[Date "2023.10.10"]
[Round "7"]
[White "PawnEatingZombie"]
[Black "Defenstrator"]
[Result "0-1"]
[WhiteElo "2207"]
[BlackElo "2407"]
[TimeControl "180+1"]
[EndTime "15:12:10 PDT"]
[Termination "Defenstrator won on time"]

1. e4 Nf6 2. e5 Ne4 3. Nc3 d5 4. Nce2 d4 5. Ng3 Qd5 6. Nxe4 Qxe4+ 7. Qe2 Qxc2 8. Nf3 Nc6 9. Qb5 Bg4 10. Bd3 a6 11. Qxb7 Qc5 12. Qxa8+ Kd7 13. e6+ fxe6 14. Qxa6 Bxf3 15. gxf3 Qe5+ 16. Kd1 Qf4 17. Be4 Ne5 18.
d3 Qf6 19. f4 Ng4 20. Qc6+ Kd8 21. Ke2 g5 22. Bd2 gxf4 23. Rhc1 f3+ 24. Ke1 Qe5 25. Qa8+ Kd7 26. Qc6+ Kd8 27. a4 Qxh2 28. Qa8+ Kd7 29. Bc6+ Kd6 30. Qd8+ Ke5 0-1

[Event "Late-Titled-Tuesday-Blitz-October-10-2023"]
[Site "Chess.com"]
[Date "2023.10.10"]
[Round "7"]
[White "wadsy27"]
[Black "Harsha_Bharathakoti"]
[Result "0-1"]
[WhiteElo "2645"]
[BlackElo "2904"]
[TimeControl "180+1"]
[EndTime "15:12:11 PDT"]
[Termination "Harsha_Bharathakoti won on time"]

1. Nf3 f5 2. d4 Nf6 3. c4 g6 4.
g3 Bg7 5. Bg2 O-O 6. O-O d6 7. Nc3 Qe8 8. d5 Na6 9. Be3 Bd7 10. Bd4 c5 11. Bxf6 Bxf6 12. e4 f4 13. gxf4 Bxc3 14. bxc3 Rxf4 15. Qd3 Bg4 16. Nd2 Qf7 17. f3 Bd7 18. e5 Qf5 19. Qe3 Rf8 20. e6 Ba4 21. Ne4 Bc2 22. Rf2 Bxe4 23. fxe4 Qe5 24.
Rxf4 Qxf4 25. Qxf4 Rxf4 26. Rf1 Rxf1+ 27. Bxf1 Kg7 28.
Kf2 Kf6 29. Ke3 Ke5 30. a4 Nc7 31. Be2 Ne8 32. Bf3 Nf6 33. h4 h6 34. Bg2 a5 35. Bf3 Ne8 36. Bg2 Nc7 37. Bf3 Na8 38.
Be2 Nb6 0-1

[Event "Late-Titled-Tuesday-Blitz-October-10-2023"]
[Site "Chess.com"]
[Date "2023.10.10"]
[Round "7"]
[White "MaxLeto"]
[Black "carloseduar100"]
[Result "1-0"]
[WhiteElo "2491"]
[BlackElo "2328"]
[TimeControl "180+1"]
[EndTime "15:12:13 PDT"]
[Termination "MaxLeto won on time"]

1. g4 d5 2. Bg2 Bxg4 3. c4 e6 4. Qb3 Nd7 5. cxd5 Nb6 6. Qg3 Nf6 7. dxe6 Bxe6 8. Bxb7 Bd6 9. Qxg7 Rg8 10. Qh6 Rg6 11. Qe3 Nfd5 12. Qe4 Rb8 13. Bc6+ Kf8 14. d3 Nf6 15. Qh4 Be7 16. Nf3 Rg4 17. Qh6+ Kg8 18. Nc3 Rg6 19. Rg1 Ng4 20. Qh5 Qd6 21. Be4 Nf6 22. Bxg6 Nxh5 23. Bxh5+ Kf8 24. Bh6+ Ke8 25. Rg8+ Kd7 26. Rxb8 1-0

[Event "Late-Titled-Tuesday-Blitz-October-10-2023"]
[Site "Chess.com"]
[Date "2023.10.10"]
[Round "7"]
[White "Denis_Makhnyov"]
[Black "Firouzja2003"]
[Result "0-1"]
[WhiteElo "2917"]
[BlackElo "3070"]
[TimeControl "180+1"]
[EndTime "15:12:14 PDT"]
[Termination "Firouzja2003 won by checkmate"]

1. d4 Nf6 2. c4 g6 3. g3 Bg7 4. Bg2 O-O 5. Nc3 d6 6. Nf3 Nbd7 7. O-O e5 8. e4 Re8 9. Re1 exd4 10. Nxd4 Nc5 11.
h3 h6 12. Nb3 Ne6 13. Kh2 a5 14. a4 c6 15. Be3 h5 16. f4 h4 17. g4 Nd7 18. g5 Ndc5 19. Nxc5 Nxc5 20. Bxc5 Bxc3 21.
Qxd6 Bxe1 22. Rxe1 Be6 23. b3 b6 24. Qxd8 Rexd8 25. Bxb6 Rd3 26. Rb1 Rb8 27. c5 Rxb3 28. Rd1 Rb4 29. Bxa5 Rxa4 30. Bc7 Rba8 31. Be5 Rc4 32. Bd6 Rc2 33. Kg1 Ra3 34. Rb1 Rg3 35. Rb8+ Kh7 36. Be5 Rgxg2+ 37. Kf1 Bc4+ 38. Ke1 Rg1# 0-1

[Event "Late-Titled-Tuesday-Blitz-October-10-2023"]
[Site "Chess.com"]
[Date "2023.10.10"]
[Round "7"]
[White "TheMagician"]
[Black "szachmistrz2500"]
[Result "0-1"]
[WhiteElo "2208"]
[BlackElo "2408"]
[TimeControl "180+1"]
[EndTime "15:12:17 PDT"]
[Termination "szachmistrz2500 won on time"]

1. d4 c5 2. d5 e5 3. e4 d6 4. Bb5+ Nd7 5. c4 a6 6. Ba4 Ne7 7. Nc3 Ng6 8. g3 Be7 9. h4 h5 10. Nf3 Rb8 11. Qd3 Qc7 12. Ng5 Bxg5 13. hxg5 Ke7 14. Be3 b5 15. cxb5 c4 16. Qd2 Nc5 17.
Bxc5 Qxc5 18. bxa6 Bxa6 19. O-O-O h4 20. Kb1 hxg3 21.
fxg3 Bc8 22. Ka1 Bg4 23. Rdf1 Rxh1 24. Rxh1 Ra8 25. Bd1 Bd7 26. Qe1 Qd4 27. Rh2 Be8 28. Rd2 Qc5 29. Rh2 Qb4 30. Bh5 Nf8 31. Rf2 Nd7 32. Qf1 g6 33. Bd1 Nc5 34. Bc2 Rb8 35.
Qc1 Nb3+ 36. Bxb3 cxb3 37. a3 Qd4 38. Qd2 Qc5 39. Kb1 Bd7 40. Rf1 Rh8 41. Kc1 Qc4 42. Qf2 Kd8 43. Qf6+ Kc7 44. Qxh8 Qxf1+ 45. Nd1 Qd3 0-1

[Event "Late-Titled-Tuesday-Blitz-October-10-2023"]
[Site "Chess.com"]
[Date "2023.10.10"]
[Round "7"]
[White "UK_23"]
[Black "HajiyevKanan"]
[Result "1-0"]
[WhiteElo "2396"]
[BlackElo "2552"]
[TimeControl "180+1"]
[EndTime "15:12:18 PDT"]
[Termination "UK_23 won by checkmate"]

1. e4 c6 2. Nc3 d5 3. Nf3 a6 4.
d4 Bg4 5. exd5 cxd5 6. h3 Bh5 7. g4 Bg6 8. Ne5 Nc6 9. h4 Nxe5 10. dxe5 h5 11. Qxd5 Qxd5 12. Nxd5 O-O-O 13. Nf4 Be4 14. Rh3 hxg4 15. Rc3+ Kb8 16. h5 e6 17. a3 Ne7 18.
Be3 Nd5 19. Nxd5 Rxd5 20. Bc4 Rxe5 21. Bf4 Bd6 22. O-O-O Bc7 23. Bxe5 Bxe5 24. Rb3 Kc7 25. Be2 Bf5 26. Rh1 g6 27. h6 Bf4+ 28. Kb1 Rxh6 29.
Rxh6 Bxh6 30. Rb4 Bd2 31. Rc4+ Kd6 32. Rd4+ Ke5 33. Rxd2 Kf4 34. Rd4+ Be4 35. Bxg4 e5 36. Rxe4+ Kxe4 37. Bc8 Kf3 38. Bxb7+ Kxf2 39. Bxa6 g5 40. Bc8 e4 41. a4 e3 42. Bg4 f5 43.
Bd1 g4 44. a5 g3 45. a6 g2 46. a7 g1=Q 47. a8=Q Qxd1+ 48. Ka2 f4 49. Qf8 f3 50. Qh6 e2 51. Qh4+ Ke3 52. Qh6+ Kf2 53. Qh2+ Ke1 54. Qg1+ Kd2 55. Qd4+ Kxc2 56. Qc3# 1-0

[Event "Late-Titled-Tuesday-Blitz-October-10-2023"]
[Site "Chess.com"]
[Date "2023.10.10"]
[Round "7"]
[White "K_alena13"]
[Black "flukeyNZ"]
[Result "1-0"]
[WhiteElo "2160"]
[BlackElo "2241"]
[TimeControl "180+1"]
[EndTime "15:12:18 PDT"]
[Termination "K_alena13 won on time"]

1. Nf3 Nf6 2. c4 g6 3. Nc3 Bg7 4. e4 d6 5. d4 O-O 6. Be2 e5 7. O-O Na6 8. Re1 exd4 9. Nxd4 Nc5 10. Bf1 Re8 11. f3 Nh5 12. Be3 Qh4 13. Bf2 Qg5 14.
Nd5 Na6 15. Qc1 Qxc1 16. Raxc1 c6 17. Nc3 Nf4 18. Rcd1 d5 19. g3 Ne6 20. exd5 cxd5 21. cxd5 Nec7 22. d6 Ne6 23. Nd5 Bd7 24. Bxa6 bxa6 25.
Nxe6 Rxe6 26. Nc7 Rxe1+ 27. Rxe1 Rb8 28. b3 a5 29. Bxa7 Rb4 30. Re7 Bh3 31. d7 1-0

[Event "Late-Titled-Tuesday-Blitz-October-10-2023"]
[Site "Chess.com"]
[Date "2023.10.10"]
[Round "7"]
[White "GoltsevDmitry2000"]
[Black "Alexander_Donchenko"]
[Result "0-1"]
[WhiteElo "2714"]
[BlackElo "2877"]
[TimeControl "180+1"]
[EndTime "15:12:21 PDT"]
[Termination "Alexander_Donchenko won by checkmate"]

1. e4 c6 2. d4 d5 3. Nc3 dxe4 4. Nxe4 Bf5 5. Ng3 Bg6 6. Nh3 Nf6 7. Nf4 e5 8. dxe5 Qa5+ 9. c3 Qxe5+ 10. Qe2 Nbd7 11. Qxe5+ Nxe5 12. h3 Bc5 13. Be2 O-O-O 14. O-O Rhe8 15. Nxg6 hxg6 16. Bg5 Nd3 17. b4 Bb6 18. Rad1 Nb2 19. Rxd8+ Kxd8 20. Bf3 Kc8 21. Bxf6 gxf6 22. Ne4 Re6 23. Rb1 Nd3 24. Rd1 Rxe4 25. Rxd3 Re1+ 26. Kh2 Bxf2 27. Rd6 Re6 28. Rxe6 fxe6 29. c4 b5 30. cxb5 cxb5 31. Bc6 a6 32. a4 bxa4 33. Bxa4 Be1 34. b5 a5 35. g4 Kc7 36. Kg2 Kb6 37. Kf3 Kc5 38. Ke4 Bf2 39. Kf3 Bg1 40. h4 Kb4 41. Bc2 a4 42. Bxg6 a3 43. Bb1 Kb3 44. h5 Kb2 45. h6 Kxb1 46. h7 a2 47. h8=Q a1=Q 48.
Qe8 Qc3+ 49. Kg2 Qe3 50. Qc6 Qf2+ 51. Kh3 Qh2# 0-1

[Event "Late-Titled-Tuesday-Blitz-October-10-2023"]
[Site "Chess.com"]
[Date "2023.10.10"]
[Round "7"]
[White "rdarruda"]
[Black "Witty_Alien"]
[Result "1-0"]
[WhiteElo "2511"]
[BlackElo "2247"]
[TimeControl "180+1"]
[EndTime "15:12:21 PDT"]
[Termination "rdarruda won by resignation"]

1. d4 e5 2. dxe5 d6 3. exd6 Bxd6 4. Nf3 Nf6 5. g3 Bg4 6. Bg2 Nc6 7. O-O Qd7 8. c3 Bh3 9. Bg5 O-O-O 10. Qa4 Kb8 11. Nbd2 h5 12. Nc4 Bxg2 13. Kxg2 h4 14. Bxh4 g5 15.
Nxg5 Rxh4 16. gxh4 Qg4+ 17. Kh1 Qxh4 18. Nf3 Qf4 19. b3 Ne4 20. Nxd6 Rxd6 21. Qa3 b6 22. Qc1 Qg4 23. Qe3 f5 24. Rg1 Qh3 25. Rg2 Re6 26. Ng5 Nxg5 27. Qxg5 Rxe2 28. Qg8+ Kb7 29. Qd5 Qxc3 30.
Rg6 Re1+ 31. Rxe1 Qxe1+ 32. Kg2 Qc1 33. Rxc6 Qxc6 34. Qxc6+ Kxc6 35. Kf3 Kd5 36. Kf4 Ke6 37. h4 Kf6 38. h5 c6 39. h6 Kg6 40. h7 Kxh7 41. Kxf5 Kg7 42. Ke5 Kf7 43. Kd6 c5 44. Kc6 Ke6 45. a4 Ke5 46. Kb7 Kd4 47. Kxa7 c4 48. bxc4 Kxc4 49. Kxb6 Kb4 50. a5 1-0

[Event "Late-Titled-Tuesday-Blitz-October-10-2023"]
[Site "Chess.com"]
[Date "2023.10.10"]
[Round "7"]
[White "NigelDwarf"]
[Black "baki83"]
[Result "0-1"]
[WhiteElo "2556"]
[BlackElo "2818"]
[TimeControl "180+1"]
[EndTime "15:12:22 PDT"]
[Termination "baki83 won by resignation"]

1. Nf3 c5 2. g3 Nc6 3. Bg2 e5 4. O-O g6 5. d3 Bg7 6. c4 Nge7 7. Nc3 O-O 8. Ne1 d6 9. Nc2 Be6 10. Ne3 Qd7 11. Ned5 Bh3 12. Bh6 Bxg2 13. Kxg2 f5 14.
Bxg7 Kxg7 15. f4 exf4 16. Rxf4 Rae8 17. Qd2 Nxd5 18. Nxd5 Re5 19. Rh4 Kg8 20. Re1 Ne7 21. e4 Nxd5 22. exd5 Rxe1 23. Qxe1 Re8 24. Qd2 Qe7 25.
Rf4 Qe2+ 26. Rf2 Qxd2 27. Rxd2 b6 28. Kf2 Kf7 29. h4 Kf6 30. d4 Re4 31. dxc5 bxc5 32.
b3 Ke5 33. a3 a5 34. Rd1 f4 35.
g4 Re3 36. Rb1 Kd4 37. b4 axb4 38. axb4 Kxc4 39. b5 Re7 40. Kf3 Rb7 41. b6 Kxd5 42. Kxf4 c4 43. Kg5 Kc5 44. Kh6 d5 0-1

[Event "Late-Titled-Tuesday-Blitz-October-10-2023"]
[Site "Chess.com"]
[Date "2023.10.10"]
[Round "7"]
[White "WPWPWP-2015"]
[Black "cassoulet"]
[Result "1/2-1/2"]
[WhiteElo "2541"]
[BlackElo "2758"]
[TimeControl "180+1"]
[EndTime "15:12:22 PDT"]
[Termination "Game drawn by repetition"]

1. d4 Nf6 2. Nf3 g6 3. g3 Bg7 4. Bg2 O-O 5. O-O d5 6. Nbd2 c6 7. Re1 Bf5 8. Nh4 Be6 9. a4 Qc8 10. Nhf3 Bh3 11. Bh1 c5 12. e3 Bg4 13. c3 Nbd7 14.
a5 e5 15. Qb3 exd4 16. cxd4 c4 17. Qa3 Re8 18. Nf1 Bf8 19. Qa4 Ne4 20. Bd2 Ndf6 21. Ne5 Bh3 22. f3 Nxd2 23. Nxd2 Nd7 24. f4 Nxe5 25.
fxe5 c3 26. bxc3 Qxc3 27. Nb3 Bh6 28. Kf2 Rac8 29. Rac1 Qd3 30. Qa2 Rxc1 31. Nxc1 Qf5+ 32. Ke2 Rc8 33. Nd3 Bg4+ 34. Kd2 Qh5 35. h4 Bf5 36. Qxd5 Qg4 37. Qf3 Qh3 38. Qg2 Qg4 39. Qf3 Qh3 40.
Qg2 Qg4 41. Qf3 1/2-1/2

[Event "Late-Titled-Tuesday-Blitz-October-10-2023"]
[Site "Chess.com"]
[Date "2023.10.10"]
[Round "7"]
[White "Rodalquilar"]
[Black "MalyDominator"]
[Result "1-0"]
[WhiteElo "2746"]
[BlackElo "2469"]
[TimeControl "180+1"]
[EndTime "15:12:22 PDT"]
[Termination "Rodalquilar won on time"]

1. d4 Nf6 2. Nf3 g6 3. Bf4 Bg7 4. e3 O-O 5. Be2 d6 6. O-O b6 7. h3 Bb7 8. Bh2 c5 9. c3 Nbd7 10. a4 a6 11. Nbd2 Ra7 12. Qb3 Qa8 13. Rfd1 Ne4 14.
Nxe4 Bxe4 15. d5 Rb8 16. Ng5 Bf5 17. g4 Bf6 18. Nxh7 Kxh7 19. gxf5 gxf5 20. Qc2 Rg8+ 21.
Kf1 e6 22. Bf3 Ne5 23. Bg2 Qf8 24. Bg3 Nc4 25. Qe2 exd5 26. Rxd5 Ne5 27. Qh5+ Qh6 28. Qxh6+ Kxh6 29. Rxd6 Kg7 30. Bd5 Rb8 31. Rd1 b5 32. a5 b4 33. c4 b3 34. h4 Rb4 35. h5 1-0

[Event "Late-Titled-Tuesday-Blitz-October-10-2023"]
[Site "Chess.com"]
[Date "2023.10.10"]
[Round "7"]
[White "Freefresh"]
[Black "Dr_crypt"]
[Result "1-0"]
[WhiteElo "2726"]
[BlackElo "2397"]
[TimeControl "180+1"]
[EndTime "15:12:23 PDT"]
[Termination "Freefresh won on time"]

1. e4 d5 2. exd5 Qxd5 3. Nc3 Qd6 4. Nf3 Bg4 5. Bc4 e6 6. d3 Nf6 7. h3 Bh5 8. Nb5 Qd8 9. Bf4 Na6 10. g4 Bg6 11.
Ne5 c6 12. Nc3 Nc5 13. Qe2 Be7 14. h4 Qd4 15. Bg3 Nd5 16. Bxd5 exd5 17. h5 f6 18. hxg6 fxe5 19. Bxe5 Qb4 20. Bxg7 O-O-O 21. Bxh8 Rxh8 22. O-O hxg6 23. f4 Bf6 24. Rab1 g5 25. fxg5 Bxg5 26. Kg2 Qd4 27. Rh1 Bh4 28. Rbf1 Qg7 29. Rf5 Ne6 30.
Qxe6+ Kb8 31. Rf7 Qd4 32. Qe2 a5 33. Na4 Qxa4 34. c4 Qb4 35. Qe5+ Ka7 36. Qxh8 Qxb2+ 37. Qxb2 1-0

[Event "Late-Titled-Tuesday-Blitz-October-10-2023"]
[Site "Chess.com"]
[Date "2023.10.10"]
[Round "7"]
[White "dorpato"]
[Black "emeli_chess"]
[Result "0-1"]
[WhiteElo "2075"]
[BlackElo "2393"]
[TimeControl "180+1"]
[EndTime "15:12:23 PDT"]
[Termination "emeli_chess won by resignation"]

1. e4 c5 2. Nc3 Nc6 3. g3 g6 4.
Bg2 Bg7 5. d3 e6 6. Be3 d6 7.
Qd2 h5 8. h3 Nge7 9. Nf3 Nd4 10. Rb1 Nec6 11. Ne2 Nxf3+ 12. Bxf3 Rb8 13. O-O O-O 14. Bh6 b5 15. Bxg7 Kxg7 16. Nf4 b4 17. Qe3 Nd4 18. Bd1 a5 19. f3 a4 20. g4 hxg4 21.
fxg4 Bd7 22. Rc1 a3 23. b3 Qh4 24. Ng2 Qe7 25. h4 Rh8 26. g5 e5 27. Qf2 Be6 28. Bf3 Rbf8 29. Qe3 f6 30. gxf6+ Qxf6 31. Rf2 Nxf3+ 32. Kf1 Bh3 33. Ke2 Bxg2 34. Rxg2 Nd4+ 35.
Kd2 Qf4 36. Rcg1 Qxe3+ 37. Kxe3 Rf6 38. Rg4 Rhf8 39. h5 Rf3+ 40. Kd2 Rf2+ 41. Kc1 Rf1+ 42. Rxf1 Rxf1+ 43. Kd2 Rf2+ 44. Kd1 Rf6 45. Kd2 Kh6 46.
hxg6 Rxg6 47. Rh4+ Kg7 48. Rh2 Nf3+ 0-1

[Event "Late-Titled-Tuesday-Blitz-October-10-2023"]
[Site "Chess.com"]
[Date "2023.10.10"]
[Round "7"]
[White "Nekoo04"]
[Black "KejJaj"]
[Result "1-0"]
[WhiteElo "2268"]
[BlackElo "2159"]
[TimeControl "180+1"]
[EndTime "15:12:23 PDT"]
[Termination "Nekoo04 won by resignation"]

1. e4 c5 2. Nf3 d6 3. d4 cxd4 4. Nxd4 Nf6 5. Nc3 g6 6. Be3 Bg7 7. f3 O-O 8. Qd2 Nc6 9. Bc4 Nd7 10. O-O-O Nb6 11. Be2 Ne5 12. b3 Bd7 13. h4 Rc8 14. h5 Qc7 15. Ncb5 Bxb5 16. Nxb5 Qd7 17. Bh6 Nec4 18. bxc4 Nxc4 19. Bxc4 Rxc4 20. Bxg7 Qxb5 21. Bxf8 Qa4 22. hxg6 Qa3+ 23. Kb1 Rb4+ 24. Qxb4 Qxb4+ 25. Kc1 Qa3+ 26. Kd2 Qb4+ 27. Kd3 Qb5+ 28. Kd2 fxg6 29.
Bxe7 Qb4+ 30. Ke2 Qc4+ 31. Kf2 Qxc2+ 32. Kg3 Qc5 33. Bxd6 Qg5+ 34. Kf2 Qf6 35. Rd2 Qe6 36. Rhd1 Kg7 37. Bf4 g5 38. Bxg5 Qb6+ 39. Be3 Qc6 40. Rd7+ Kf8 41. Rd8+ Ke7 42. R1d7+ Qxd7 43. Rxd7+ Kxd7 44. Bxa7 1-0

[Event "Late-Titled-Tuesday-Blitz-October-10-2023"]
[Site "Chess.com"]
[Date "2023.10.10"]
[Round "7"]
[White "koncheto"]
[Black "djano"]
[Result "0-1"]
[WhiteElo "2505"]
[BlackElo "2680"]
[TimeControl "180+1"]
[EndTime "15:12:24 PDT"]
[Termination "djano won by resignation"]

1. e4 c5 2. Nf3 Nc6 3. d4 cxd4 4. Nxd4 g6 5. c4 e5 6. Nc2 Nf6 7. Nc3 Be7 8. Be2 O-O 9. Be3 d6 10. O-O Be6 11. f3 Nh5 12. Qd2 f5 13. Rfd1 f4 14.
Bf2 Nf6 15. Rac1 g5 16. b4 g4 17. c5 dxc5 18. bxc5 Qe8 19. Nd5 Qg6 20. Nxe7+ Nxe7 21. Qd6 Kf7 22. Qxe5 Nc6 23. Qxf4 Kg8 24. Qd6 Nh5 25. fxg4 Nf4 26. Bf3 Rad8 27. Qc7 Nd3 28. Rxd3 Rxd3 29. Qxb7 Ne5 30. Ne1 Rd7 31. Qb2 Qg7 32. Bd4 Rxd4 33.
Qxd4 Qg5 34. Rd1 Bxg4 35. Qd5+ Rf7 36. Bxg4 Qxg4 37. Nf3 Nxf3+ 38. Kh1 Nh4 39. Rg1 Ng6 40. c6 Nf4 41. c7 Nxd5 42. c8=Q+ Qxc8 43. exd5 Qd7 0-1

[Event "Late-Titled-Tuesday-Blitz-October-10-2023"]
[Site "Chess.com"]
[Date "2023.10.10"]
[Round "7"]
[White "ContrVersia"]
[Black "Ramosha"]
[Result "1-0"]
[WhiteElo "2884"]
[BlackElo "2623"]
[TimeControl "180+1"]
[EndTime "15:12:25 PDT"]
[Termination "ContrVersia won by resignation"]

1. Nf3 Nf6 2. c4 e6 3. g3 d5 4.
b3 Be7 5. Bg2 O-O 6. O-O b6 7.
Bb2 Bb7 8. Nc3 Nbd7 9. e3 dxc4 10. bxc4 c5 11. Qe2 Rc8 12. Rad1 Qc7 13. Ne1 Bxg2 14.
Nxg2 Rfd8 15. g4 h6 16. f4 Qc6 17. d3 e5 18. g5 hxg5 19. fxg5 Ne8 20. h4 Qg6 21.
Nd5 Qe6 22. e4 Nc7 23. Nge3 Bf8 24. Rf3 Nb8 25. Rdf1 Rd7 26. Qh2 Nxd5 27. cxd5 Qg6 28. Bxe5 Na6 29. Rg3 Nb4 30. h5 Qh7 31. Ng4 Nxd3 32.
Rxd3 Qxe4 33. Rg3 Rxd5 34. Bf4 c4 35. Qg2 Re8 36. h6 Bc5+ 37. Kh2 Qxg2+ 38. Rxg2 Rf5 39. Kg3 Re4 40. hxg7 Kxg7 41. Nf6 Rexf4 42. Rxf4 Rxg5+ 43. Kf3 Rxg2 44. Kxg2 c3 45. Nd5 c2 46. Rc4 Kg6 47.
Rxc2 Kf5 48. Kf3 Ke5 49. Ne3 Kd4 50. Ke2 a6 51. Rc4+ Ke5 52. Kd3 f5 53. Ng2 Kd5 54.
Rh4 Kc6 55. Ne3 b5 56. Nxf5 a5 57. Nd4+ Kb6 58. Rh6+ 1-0

[Event "Late-Titled-Tuesday-Blitz-October-10-2023"]
[Site "Chess.com"]
[Date "2023.10.10"]
[Round "7"]
[White "karwowskikacper"]
[Black "2typicalchessplayer"]
[Result "0-1"]
[WhiteElo "2537"]
[BlackElo "2389"]
[TimeControl "180+1"]
[EndTime "15:12:25 PDT"]
[Termination "2typicalchessplayer won by checkmate"]

1. e4 c5 2. Nf3 Nc6 3. d4 cxd4 4. Nxd4 Nf6 5. Nc3 e5 6. Ndb5 d6 7. Nd5 Nxd5 8. exd5 Nb8 9. c4 Be7 10. Be3 a6 11. Nc3 O-O 12. Rc1 f5 13. f3 Nd7 14.
b4 b6 15. Bd3 Bb7 16. O-O g6 17. Kh1 Rc8 18. Qb3 Kh8 19. Rfd1 Bg5 20. Bxg5 Qxg5 21.
Ne2 Nf6 22. Qb2 Kg7 23. f4 exf4 24. Nd4 Rce8 25. Re1 Bc8 26. Nf3 Qh6 27. c5 g5 28.
cxd6 g4 29. Rc7+ Kg8 30. Ne5 Nxd5 31. Ra7 Be6 32. d7 Rd8 33. Bc4 Qf6 34. Bxd5 Bxd5 35. Qd2 Be4 36. Qxf4 b5 37. h3 h5 38. hxg4 hxg4 39.
Nxg4 Qh4+ 40. Nh2 Qxe1+ 41. Nf1 Kf7 42. Rxa6 Rh8+ 43. Kg1 Rxd7 44. Qe5 Rh1+ 45. Kxh1 Qxf1+ 46. Kh2 Qxg2# 0-1